 Dungeon Crawl Stone Soup version 0.27.1 (webtiles) character file.

Game seed: 16571242978830432612

1295 SkeletonJelly the Carver (level 8, -3/63 HPs)
             Began as a Yellow Draconian Monk on Aug 21, 2021.
             Was an Elder of Uskayaw.
             Killed by divine providence
             ... invoked by an orc priest
              (14 damage)
             ... on level 6 of the Dungeon.
             The game lasted 00:14:32 (6712 turns).

SkeletonJelly the Carver (Yellow Draconian Monk)    Turns: 6712, Time: 00:14:32

Health: -3/63      AC:  9    Str: 15    XL:     8   Next: 30%
Magic:  19/21      EV: 12    Int: 11    God:    Uskayaw [****..]
Gold:   190        SH:  0    Dex: 14    Spells: 7/7 levels left

rFire    . . .     SeeInvis .   E - +0 long sword
rCold    + . .     Faith    .   (no shield)
rNeg     . . .     Spirit   .   (armour unavailable)
rPois    .         Reflect  .   s - +2 hat
rElec    .         Harm     .   (no cloak)
rCorr    +         Rampage  .   p - +0 pair of gloves
Will     .....                  (no boots)
Stlth    ++........             (no amulet)
HPRegen  0.20/turn              B - ring of magical power
MPRegen  0.17/turn              C - ring of protection from cold

@: short of breath
A: spit acid, AC +6, unfitting armour, cold-blooded, acid resistance
a: Breathe Acid, Renounce Religion, Stomp, Line Pass


You were on level 6 of the Dungeon.
You worshipped Uskayaw.
Uskayaw was noncommittal.
You visited 1 branch of the dungeon, and saw 6 of its levels.

You collected 190 gold pieces.

Inventory:

Hand Weapons
 a - a +0 falchion
 y - a +5 dagger of holy wrath
 E - a +0 long sword (weapon)
Missiles
 t - 4 javelins
 x - 27 poisoned darts
Armour
 o - a +0 buckler
 p - a +0 pair of gloves (worn)
 s - a +2 hat (worn)
Jewellery
 q - a ring of fire
 B - a ring of magical power (left hand)
 C - a ring of protection from cold (right hand)
Wands
 r - a wand of iceblast (11)
Scrolls
 b - a scroll of torment {unknown}
 d - a scroll of immolation {unknown}
 e - 2 scrolls of teleportation {unknown}
 f - a scroll of summoning {unknown}
 g - a scroll of noise {unknown}
 j - a scroll of magic mapping {unknown}
 k - a scroll of blinking {unknown}
 n - 10 scrolls of identify {unknown}
 v - a scroll of fog {unknown}
 w - 2 scrolls of brand weapon {unknown}
 z - a scroll of fear {unknown}
 A - a scroll of vulnerability {unknown}
Potions
 c - 3 potions of heal wounds
 h - 3 potions of magic {unknown}
 i - 2 potions of degeneration
 l - a potion of cancellation {unknown}
 m - 3 potions of curing
 u - 2 potions of mutation {unknown}
 D - a potion of attraction {unknown}


   Skills:
 - Level 3.2 Fighting
 * Level 9.0 Long Blades
 - Level 2.6 Dodging
 - Level 1.7 Stealth
 + Level 6.0 Invocations


You had 7 spell levels left.
You didn't know any spells.
Your spell library contained the following spells:

 Spells                   Type           Power      Damage    Failure   Level
 Magic Dart               Conj           0%         1d3       34%         1
 Searing Ray              Conj           0%         3d3       47%         2
 Stone Arrow              Conj/Erth      0%         3d7       71%         3
 Fulminant Prism          Conj/Hex       0%         3d6       98%         4
 Lehudib's Crystal Spear  Conj/Erth      0%         10d2      100%        8
 Animate Armour           Summ/Erth      Unusable   N/A       N/A         4

Dungeon Overview and Level Annotations

Branches:
Dungeon (6/15)
 Temple: D:4-7

Altars:
Ashenzari
Dithmenos
Fedhas
Hepliaklqana
Kikubaaqudgha
Makhleb
Nemelex Xobeh
Sif Muna
Uskayaw
Wu Jian
Yredelemnul
The Shining One


Innate Abilities, Weirdness & Mutations

You can spit globs of acid.
Your golden yellow scales are hard. (AC +6)
You cannot fit into any form of body armour.
You are cold-blooded and may be slowed by cold attacks.
You are resistant to acid. (rCorr)


Message History

A phantom comes into view.
The hound bites you but does no damage.
You can now pass through a line of other dancers.
The hound closely misses you.
You riposte.
You hit the hound.
The hound is heavily wounded.
You hit the hound. You tail-slap the hound.
The hound is severely wounded.
The hound bites you but does no damage. The hound barely misses you.
You slash the hound!
You kill the hound!
Uskayaw will force your foes to helplessly watch your dance.
Uskayaw prepares the audience for your solo!
The helpless orc fails to defend itself.
You slash the orc!
You kill the orc!
An ogre comes into view. It is wielding a +0 giant spiked club.
The ogre shouts!
The orc misses you.
Things that are here:
a +0 dagger; an orc corpse; a hound corpse You slash the orc!
You kill the orc!
Uskayaw prepares the audience for your solo!
The phantom is no longer paralysed.
The phantom closely misses you.
You riposte.
You hit the phantom.
The phantom is moderately damaged.
Things that are here:
a +0 dagger; a +0 ring mail; an orc corpse You miss the phantom.
The phantom is moderately damaged.
The orc priest is no longer paralysed.
The orc is no longer paralysed.
The phantom hits you but does no damage.
You miss the phantom.
The phantom is moderately damaged.
The phantom hits you!
The phantom blinks!
You blink.
Found Great Wizards, Vol.
VII.
You hit the phantom but do no damage.
The phantom is moderately damaged.
The phantom hits you but does no damage.
You barely miss the phantom.
The phantom is moderately damaged.
The orc priest hits you with a +0 hand axe!
The phantom hits you.
The phantom blinks!
You blink.
Found 14 gold pieces.
You are too injured to fight recklessly!
You are too injured to fight recklessly!
You are too injured to fight recklessly!
You are too injured to fight recklessly!
You are too injured to fight recklessly!
You are too injured to fight recklessly!
You are too injured to fight recklessly!
You barely miss the phantom.
You tail-slap the phantom, but do no damage.
The phantom is moderately damaged.
The phantom hits you but does no damage.
You can't do that yet.
You slash the phantom!
The phantom is heavily damaged.
The phantom hits you but does no damage.
Uskayaw will force your foes to share their pain.
Uskayaw links your audience in an emotional bond!
You completely miss the phantom.
The phantom is heavily damaged.
The phantom barely misses you.
You hit the phantom.
The phantom is heavily damaged.
You have got your breath back.
The phantom misses you.
You closely miss the phantom.
The phantom is heavily damaged.
The orc priest is no longer sharing its pain.
The phantom hits you!
* * * LOW HITPOINT WARNING * * *
The phantom blinks!
You blink.
You stomp with the beat, sending a shockwave through the revellers around you!
The phantom is almost destroyed.
The phantom is no longer sharing its pain.
The phantom closely misses you.
Press: ? - help, Shift-Dir - straight line, f - phantom
Aim: a phantom (almost destroyed)
You spit a glob of acid.
The glob of acid hits the phantom!
The phantom is splashed with acid.
The acid corrodes the phantom!
You destroy the phantom!
Uskayaw will force your foes to share their pain.
Your Long Blades skill increases to level 9!
Your Invocations skill increases to level 6!
You barely miss the orc priest. You hit the orc priest.
The orc priest is moderately wounded.
The orc priest hits you with a +0 hand axe.
* * * LOW HITPOINT WARNING * * *
You barely miss the orc priest.
The orc priest is moderately wounded.
The orc priest barely misses you.
The orc priest hits you but does no damage.
The orc hits you with a +0 falchion.
* * * LOW HITPOINT WARNING * * *
Found a stone staircase leading up.
The orc priest calls down the wrath of Beogh upon you.
Beogh smites you!
You die...

#....)[.#
#.##...#
#.##...#
##.##...#
##...#...##
#.........
#$...#...##
#.##..:####.##
#ยง##oo@.......
#.##O.......##
#.............
#####........<
##########


You could see an ogre, an orc priest and an orc.

Vanquished Creatures
  Duvessa (D:4)
  A water moccasin (D:5)
  A necrophage (D:6)
  An ice beast (D:4)
  2 black bears
  A phantom (D:6)
  Dowan (D:4)
  A water moccasin skeleton (D:4)
  A hound (D:6)
  A centaur zombie (D:3)
  3 jellies
  A bullfrog skeleton (D:5)
  2 centaur skeletons
  3 iguanas
  An orc wizard (D:6)
  A hound zombie (D:5)
  A howler monkey zombie (D:5)
  4 gnolls (D:4)
  4 adders
  A white imp (D:5)
  An adder skeleton (D:4)
  3 worms
  3 dart slugs
  6 orcs
  11 ball pythons
  8 bats
  8 endoplasms
  4 giant cockroaches
  5 goblins
  5 hobgoblins
  6 jackals
  3 kobolds
  4 quokkas (D:2)
  4 frilled lizards
  7 rats
110 creatures vanquished.

Notes
Turn   | Place    | Note
-------+----------+-------------------------------------------
     0 | D:1      | SkeletonJelly the Draconian Monk began the quest for the
                  | Orb.
     0 | D:1      | Reached XP level 1. HP: 19/19 MP: 1/1
   165 | D:1      | Reached XP level 2. HP: 24/26 MP: 2/2
   310 | D:1      | Found a faded altar of an unknown god.
   319 | D:1      | Became a worshipper of Uskayaw the Reveller
   319 | D:1      | Reached * piety under Uskayaw
   319 | D:1      | Reached ** piety under Uskayaw
   483 | D:1      | Reached skill level 4 in Long Blades
   851 | D:2      | Reached XP level 3. HP: 27/31 MP: 3/3
  1152 | D:2      | Reached skill level 1 in Invocations
  2137 | D:2      | Reached XP level 4. HP: 38/38 MP: 5/5
  2326 | D:3      | Reached skill level 5 in Long Blades
  2878 | D:3      | Found a glowing golden altar of the Shining One.
  2885 | D:3      | Found a broken altar of Ashenzari.
  2885 | D:3      | Found a shadowy altar of Dithmenos.
  2885 | D:3      | Found a sparkling altar of Nemelex Xobeh.
  2885 | D:3      | Found a blossoming altar of Fedhas.
  2886 | D:3      | Found a burning altar of Makhleb.
  2887 | D:3      | Found a basalt altar of Yredelemnul.
  2888 | D:3      | Found an ancient bone altar of Kikubaaqudgha.
  2889 | D:3      | Found an ornate altar of the Wu Jian Council.
  2890 | D:3      | Found a hazy altar of Hepliaklqana.
  3164 | D:4      | Reached XP level 5. HP: 32/45 MP: 6/6
  3540 | D:4      | Noticed Duvessa
  3540 | D:4      | Noticed Dowan
  3550 | D:4      | Killed Duvessa
  3550 | D:4      | Reached *** piety under Uskayaw
  3551 | D:4      | Reached skill level 6 in Long Blades
  3551 | D:4      | Reached XP level 6. HP: 51/51 MP: 6/8
  3561 | D:4      | Killed Dowan
  4238 | D:4      | Found a shimmering blue altar of Sif Muna.
  4538 | D:5      | Entered Level 5 of the Dungeon
  5016 | D:5      | Noticed a water moccasin
  5033 | D:5      | Killed a water moccasin
  5034 | D:5      | Reached skill level 7 in Long Blades
  5034 | D:5      | Your scales start taking on a golden yellow colour.
  5034 | D:5      | Reached XP level 7. HP: 18/57 MP: 10/10
  5034 | D:5      | Gained mutation: You are resistant to acid. (rCorr) [Yellow
                  | Draconian growth]
  5902 | D:6      | Reached skill level 5 in Invocations
  6142 | D:4      | Reached skill level 8 in Long Blades
  6206 | D:5      | Reached XP level 8. HP: 38/63 MP: 12/12
  6701 | D:6      | Reached **** piety under Uskayaw
  6707 | D:6      | Reached skill level 9 in Long Blades
  6712 | D:6      | Killed from afar by an orc priest

Illustrated notes

Levels and vault maps discovered:
D:1:      amcnicky_arrival_choice, layout_basic,
          ebering_ecumenical_altar_petrified
D:2:      kennysheep_six_static_rooms, layout_rooms
D:3:      layout_loops_ring, minitemple
D:4:      layout_loops_corners, nicolae_sif_muna_little_library, uniq_duvessa
D:5:      layout_cave_pools
D:6:      layout_loops_ring, mainiacjoe_overflow_brackets, uniq_grinder,
          uniq_prince_ribbit1

Skill      XL: |  1  2  3  4  5  6  7  8 |
---------------+-------------------------+-----
Long Blades    | 4 5 6 7 8 9 |  9.0
Invocations    | 1 2 3 4 5 6 |  6.0
Fighting       | |  3.2
Dodging        | |  2.6
Stealth        | |  1.7

Action                   |  1- 3 |  4- 6 |  7- 9 || total
-------------------------+-------+-------+-------++-------
Melee: Falchion          |   146 |   186 |    96 ||   428
       Tailslap          |    20 |    28 |    20 ||    68
       Long sword        |       |       |    18 ||    18
Throw: Javelin           |       |     1 |       ||     1
Invok: Stomp             |     1 |     2 |     1 ||     4
 Abil: Breathe Acid      |       |       |     7 ||     7
  Use: Potion            |       |     6 |       ||     6
 Stab: Sleeping          |     6 |     2 |     1 ||     9
       Paralysed         |       |     2 |     4 ||     6
Armor: Skin              |    32 |    84 |    53 ||   169
Dodge: Dodged            |    80 |   111 |    73 ||   264
       Rpst.: Falchion   |    15 |    32 |    11 ||    58
       Long sword        |       |       |     2 ||     2
